 Dungeon Crawl Stone Soup version 0.29.1-2-gbd0b4ee654 (webtiles) character file.

Game seed: 13690600252817645888

681 Icepheonix32 the Ruffian (level 7, -7/62 HPs)
             Began as a Demigod Transmuter on Nov 4, 2022.
             Killed by divine providence
             ... invoked by an orc priest
              (12 damage)
             ... on level 5 of the Dungeon.
             The game lasted 00:10:46 (6231 turns).

Icepheonix32 the Ruffian (Demigod Transmuter)       Turns: 6231, Time: 00:10:47

Health: -7/62      AC:  6    Str: 21    XL:     7   Next: 12%
Magic:  12/14      EV: 10    Int: 19    God:
Gold:   228        SH:  0    Dex: 14    Spells: 5/12 levels left

rFire   x . .      SeeInvis .     - Unarmed
rCold   + + +      Faith    .   (shield currently unavailable)
rNeg    . . .      Spirit   .   (body armour currently unavailable)
rPois   +          Reflect  .   (helmet currently unavailable)
rElec   .          Harm     .   (cloak currently unavailable)
rCorr   .          Rampage  .   (gloves currently unavailable)
Will    .....                   (boots currently unavailable)
Stlth   +.........              (no amulet)
HPRegen 0.20/turn               d - ring of wizardry
MPRegen 0.14/turn               j - +6 ring of strength

@: ice-form
A: freezing attack, amphibious, boosted hp, large, high MP 1, forlorn, divine
attributes
a: End Transformation


You were on level 5 of the Dungeon.
You were a creature of crystalline ice.
You visited 1 branch of the dungeon, and saw 5 of its levels.
You also visited: Sewer.

You collected 228 gold pieces.

Inventory:

Missiles
 i - 4 curare-tipped darts
Armour
 a - a +1 robe (melded)
 c - a +0 helmet (melded)
Magical Staves
 r - a staff of poison
Jewellery
 d - a ring of wizardry (left front paw)
 e - a ring of protection from cold
 j - a +6 ring of strength (right front paw)
Wands
 m - a wand of mindburst (6)
Scrolls
 f - a scroll of enchant weapon
 h - 2 scrolls of magic mapping
 k - 2 scrolls of fear
 p - a scroll of teleportation
Potions
 b - a potion of lignification
 l - 4 potions of curing
 n - a potion of magic
 o - a potion of might


   Skills:
 + Level 1.4 Fighting
 + Level 2.9 Dodging
 - Level 0.3 Stealth
 + Level 4.7 Unarmed Combat
 + Level 3.0 Spellcasting
 * Level 4.1 Transmutations
 * Level 2.4 Ice Magic


You had 5 spell levels left.
You knew the following spells:

 Your Spells              Type           Power      Damage    Failure   Level
a - Beastly Appendage     Tmut           36%        N/A       1%          1
b - Ice Form              Ice/Tmut       15%        N/A       16%         4
c - Wereblood             Tmut           18%        N/A       1%          2

Your spell library contained the following spells:

 Spells                   Type           Power      Damage    Failure   Level
 Spider Form              Tmut/Pois      10%        N/A       8%          3
 Tukima's Dance           Hex            2%         N/A       17%         3
 Passage of Golubria      Tloc           2%         N/A       50%         4
 Yara's Violent Unravell  Hex/Tmut       5%         3d4       54%         5


Dungeon Overview and Level Annotations

Branches:
Dungeon (5/15)              Sewer (visited)
 Temple: D:4-7

Annotations:
D:2 1 runed translucent door, Crazy Yiuf


Innate Abilities, Weirdness & Mutations

You are a creature of crystalline ice.
You have a powerful freezing melee attack.
You are amphibious.
Your maximum health is increased.
Your armour is entirely melded.
You are incapable of wielding weapons or throwing items.
You have an increased reservoir of magic. (+10% MP)
You shall have no god before yourself.
Your divine heritage dramatically boosts your attributes as you level up.


Message History

The orc priest is heavily wounded.
You completely miss the orc priest.
The orc priest is heavily wounded.
The orc priest completely misses you.
You barely miss the orc priest.
The orc priest is heavily wounded.
The orc closely misses you.
The orc priest hits you with a +0 dagger.
Unknown command.
You punch the orc priest! You freeze the orc priest.
You kill the orc priest!
You barely miss the orc. The orc hits you with a +0 hand axe.
The orc barely misses you.
You barely miss the orc. The orc hits you with a +0 hand axe. x2
You barely miss the orc. The orc hits you with a +0 hand axe.
The orc priest miscasts a cantrip.
The orc hits you but does no damage.
You hit the orc. You freeze the orc.
You kill the orc!
The orc priest looks encouraged for a moment.
You hit the orc. You freeze the orc.
The orc is moderately wounded.
The orc hits you but does no damage.
The orc priest mumbles some strange prayers to Beogh against you.
Beogh smites you!
* * * LOW HITPOINT WARNING * * *
Unknown command.
You hit the orc. You freeze the orc.
The orc is heavily wounded.
Unknown command.
The orc hits you but does no damage.
The orc priest hits you with a +0 hand axe.
* * * LOW HITPOINT WARNING * * *
Things that are here:
a +0 war axe; a +0 ring mail You hit the orc priest.
You freeze the orc priest.
The orc priest is moderately wounded.
The orc priest invokes the aid of Beogh against you.
Beogh smites you!
You die...

#.#......# ...#.....# #.##
#.######.# .....# #.# .# #..#.#
#.# .# #..#.# #.# .# # ..#.# #.#
.#.##.##.#.# #.# #.#.......#.#
#.### ##.####..oYo.######## ###
#...###.......###.........###.##
###........# #.#######......#
####.....## #.# #####.###
#.÷..#..#####.# #....
#..........##.##### #####
#....#..~#.§...§..# #
#....~~~~~.....##.# #
#..#~~~~~~~#...§#.####### #


You could see an orc priest and an orc.

Vanquished Creatures
  A phantom (D:4)
  2 bullfrogs (Sewer)
  A necrophage (D:4)
  A jelly (D:5)
  2 orc priests
  An orc wizard (D:4)
  Robin (D:4)
  8 adders
  9 river rats (Sewer)
  3 worms
  5 orcs
  17 ball pythons
  6 endoplasms
  3 giant cockroaches
  14 hobgoblins
  4 jackals (D:3)
  A quokka (D:1)
  8 bats
  7 frilled lizards
  15 goblins
  6 kobolds
  26 rats
141 creatures vanquished.

Vanquished Creatures (others)
  A fungus (D:3)
  5 plants
6 creatures vanquished.

Grand Total: 147 creatures vanquished

Notes
Turn   | Place    | Note
-------+----------+-------------------------------------------
     0 | D:1      | Icepheonix32 the Demigod Transmuter began the quest for the
                  | Orb.
     0 | D:1      | Reached XP level 1. HP: 15/15 MP: 5/5
   211 | D:1      | Reached XP level 2. HP: 22/22 MP: 5/7
  1205 | D:2      | Reached XP level 3. HP: 4/27 MP: 8/8
  1967 | D:2      | Found a runed translucent door.
  1968 | D:2      | Noticed Crazy Yiuf
  2920 | D:3      | Reached XP level 4. HP: 7/34 MP: 10/10
  3670 | D:4      | Noticed Robin
  3690 | D:4      | Killed Robin
  3691 | D:4      | Reached skill level 1 in Fighting
  3955 | D:3      | Learned a level 4 spell: Ice Form
  3958 | D:3      | Learned a level 2 spell: Wereblood
  4107 | D:4      | Noticed a necrophage
  4597 | D:4      | Noticed a phantom
  4614 | D:4      | Killed a phantom
  4615 | D:4      | Reached skill level 1 in Ice Magic
  4615 | D:4      | Reached XP level 5. HP: 27/40 MP: 7/11
  4947 | D:4      | Reached XP level 6. HP: 28/47 MP: 5/13
  5151 | D:5      | Entered Level 5 of the Dungeon
  5183 | D:5      | Found a glowing drain.
  5202 | Sewer    | Entered a sewer
  5574 | Sewer    | Reached XP level 7. HP: 22/52 MP: 8/14
  6231 | D:5      | Killed from afar by an orc priest

Illustrated notes

Levels and vault maps discovered:
D:1:      heliophobic_arrival_glass_houses, layout_loops_ring
D:2:      minmay_spotlight, layout_rooms, uniq_crazy_yiuf_cottage
D:3:      layout_basic, nicolae_gozag_seed_capital, bloody_trog,
          dreamdust_ecumenical_altar_grove, kennysheep_generic_room_10
D:4:      layout_rooms, uniq_robin
D:5:      layout_loops_cross, mainiacjoe_overflow_alcove_3,
          minmay_temple_entry_proselytizer, cheibrodos_sewer_entry_drain

Skill      XL: |  1  2  3  4  5  6 |
---------------+-------------------+-----
Transmutations | 2 3 4 |  4.1
Unarmed Combat | 3 4 |  4.7
Spellcasting   | 2 3 |  3.0
Dodging        | 2 |  2.9
Fighting       | 1 |  1.4
Ice Magic      | 1 2 |  2.4
Stealth        | |  0.3

Action                   |  1- 3 |  4- 6 |  7- 9 || total
-------------------------+-------+-------+-------++-------
Melee: Unarmed           |   143 |   174 |    20 ||   337
       Kick              |    31 |     5 |     1 ||    37
       Headbutt          |    17 |     2 |       ||    19
       Punch             |     3 |     1 |       ||     4
 Cast: Beastly Appendage |    35 |     8 |     1 ||    44
       Ice Form          |       |    11 |     1 ||    12
       Wereblood         |       |     5 |       ||     5
  Use: Potion            |     1 |     6 |     3 ||    10
       Scroll            |       |     9 |     2 ||    11
 Stab: Sleeping          |       |       |     1 ||     1
Armor: Robe              |    24 |    17 |       ||    41
       Skin              |       |    50 |     4 ||    54
Dodge: Dodged            |    99 |   133 |     7 ||   239
